 Dungeon Crawl Stone Soup version 0.30-a0-218-gedb9141078 (webtiles) character file.

Game seed: 1115406908676570211

7 brightshaft the Grasshopper (level 1, 0/18 HPs)
             Began as an Armataur Warper on Oct 6, 2022.
             Slain by a hobgoblin (3 damage)
             ... on level 1 of the Dungeon.
             The game lasted 00:01:15 (211 turns).

brightshaft the Grasshopper (Armataur Warper)        Turns: 211, Time: 00:01:15

Health: 0/18       AC:  5    Str: 16    XL:     1   Next: 91%
Magic:  0/3        EV:  8    Int: 13    God:
Gold:   34         SH:  0    Dex:  9    Spells: 3/3 levels left

rFire   . . .      SeeInvis .    a - +0 mace
rCold   . . .      Faith    .    (no shield)
rNeg    . . .      Spirit   .    i - +0 ring mail
rPois   .          Reflect  .    g - +0 hat
rElec   .          Harm     .    (no cloak)
rCorr   .          Roll     +    (no gloves)
Will    .....                    (no barding)
Stlth   ..........               (no amulet)
HPRegen 0.23/turn                (no ring)
MPRegen 0.08/turn                (no ring)

@: no status effects
A: large, rugged brown scales 3, deformed body, armoured tail, roll, long
tongue, awkward tongue
a: no special abilities


You were on level 1 of the Dungeon.
You visited 1 branch of the dungeon, and saw 1 of its levels.

You collected 34 gold pieces.

Inventory:

Hand Weapons
 a - a +0 mace (weapon)
Missiles
 d - 7 boomerangs of dispersal (quivered)
Armour
 b - a +0 leather armour
 g - a +0 hat (worn)
 i - a +0 ring mail (worn)
Scrolls
 c - a scroll of blinking
 f - a scroll of poison {unknown}
Potions
 e - a potion of curing {unknown}
 h - a potion of degeneration {unknown}


   Skills:
 - Level 1.8 Fighting
 * Level 2.1 Maces & Flails
 - Level 1.0 Throwing
 - Level 1.3 Armour
 - Level 1.4 Dodging
 - Level 1.8 Spellcasting
 - Level 3.0 Translocations


You had 3 spell levels left.
You didn't know any spells.
Your spell library contained the following spells:

 Spells                   Type           Power      Damage    Failure   Level
 Blink                    Tloc           18%        N/A       22%         2
 Lesser Beckoning         Tloc           18%        N/A       38%         3
 Teleport Other           Tloc           9%         N/A       38%         3
 Vhi's Electric Charge    Tloc/Air       10%        N/A       63%         3
 Manifold Assault         Tloc           9%         N/A       80%         4


Dungeon Overview and Level Annotations

Branches:
Dungeon (1/15)

Altars:


Innate Abilities, Weirdness & Mutations

You are completely covered in rugged brown scales. (AC +3, +7% HP)
Armour fits poorly on your strangely shaped body.
You have a long armoured tail.
You roll when moving toward enemies. (Rampage)
Your long tongue fully drains potion bottles. (2x potion effects)
Your tongue gives you trouble enunciating. (1.5x scroll delay)


Message History

You hit the kobold.
The kobold is moderately wounded.
The kobold barely misses you.
The hobgoblin hits you but does no damage.
The kobold hits you but does no damage. The hobgoblin barely misses you.
You barely miss the kobold.
The kobold is moderately wounded.
The hobgoblin closely misses you. The kobold barely misses you.
You closely miss the kobold.
The kobold is moderately wounded.
The kobold barely misses you.
The hobgoblin hits you but does no damage.
You barely miss the kobold.
The kobold is moderately wounded.
The kobold hits you with a +2 antimagic short sword.
The hobgoblin hits you.
You are too injured to fight recklessly!
You are too injured to fight recklessly!
You are too injured to fight recklessly!
You are too injured to fight recklessly!
The hobgoblin attacks as you move away! The hobgoblin completely misses you.
You closely miss the kobold.
The kobold is moderately wounded.
The kobold hits you with a +2 antimagic short sword. x2
You feel your power leaking away. The hobgoblin barely misses you.
You barely miss the kobold.
The kobold is moderately wounded.
The kobold hits you but does no damage. The hobgoblin barely misses you.
You closely miss the kobold.
The kobold is moderately wounded.
The kobold hits you with a +2 antimagic short sword.
* * * LOW HITPOINT WARNING * * *
You feel your power leaking away. The hobgoblin hits you.
* * * LOW HITPOINT WARNING * * *
You barely miss the kobold.
The kobold is moderately wounded.
The kobold hits you but does no damage. The hobgoblin hits you.
You die...

##+######### ##..........#
#####
.#.....♣♣♣♣.#########.....
.#....♣♣.♣.♣#..........?..
.#...♣.♣.P....)...........
....♣.♣....♣..............
...♣♣PP♣♣.♣♣.....g........
...♣P..PPP♣.....@K.....###
.........♣♣...#####....#
...♣♣♣PPP♣♣.#.. ....#
.....♣♣ ♣♣..+... ....+
............#... ..###
....##.... ..# ...... #
... ......# ..$ .....##


You could see a hobgoblin and a kobold.

Vanquished Creatures
  A goblin (D:1)
  2 hobgoblins (D:1)
  A kobold (D:1)
  A frilled lizard (D:1)
  2 rats (D:1)
7 creatures vanquished.

Notes
Turn   | Place    | Note
-------+----------+-------------------------------------------
     0 | D:1      | brightshaft the Armataur Warper began the quest for the
                  | Orb.
     0 | D:1      | Reached XP level 1. HP: 18/18 MP: 3/3
    99 | D:1      | Reached skill level 1 in Throwing
   211 | D:1      | Slain by a hobgoblin

Illustrated notes

Levels and vault maps discovered:
D:1:      nagdon_arrival_zigzag_paths, layout_basic, serial_forest,
          infiniplex_forest_straight_3, infiniplex_forest_lined_2,
          infiniplex_forest_end_double, infiniplex_forest_join, serial_shops,
          nicolae_shop_waterfront, amcnicky_mini_corridor_feature,
          nicolae_figureground_pulse

Skill      XL: |  1 |
---------------+----+-----
Throwing       | 1 |  1.0
Maces & Flails | 2 |  2.1
Fighting       | |  1.8
Armour         | |  1.3
Dodging        | |  1.4
Spellcasting   | |  1.8
Translocations | |  3.0

Action                   || total
-------------------------++-------
Melee: Mace              ||    30
       Tailslap          ||     4
Armor: Ring mail         ||     8
       Leather armour    ||     6
Dodge: Dodged            ||    21

Table legend: (Time is in decaauts)
 A = Elapsed time spent in this place.
 B = Non-inter-level travel time spent in this place.
 C = Inter-level travel time spent in this place.
 D = Time resting spent in this place.
 E = Time spent auto-exploring this place.
 F = Levels seen in this place.
 G = Mean time per level.
                   A        B        C        D        E       F      G
               +--------+--------+--------+--------+--------+-----+--------+
         Total |    219 |    219 |      0 |      0 |    135 |   1 |  219.0 |
       Dungeon |    219 |    219 |      0 |      0 |    135 |   1 |  219.0 |
               +--------+--------+--------+--------+--------+-----+--------+

Top non-repeatable levels by time:
     D:1: 219 daAuts
